 Dungeon Crawl Stone Soup version 0.26-a0-720-g2a1d101370 (webtiles) character file.

Game seed: 8435785560636228448

38449 marklar909 the Transmogrifier (level 13, -4/111 HPs)
             Began as a Pale Draconian Transmuter on Nov 3, 2020.
             Was an Elder of the Shining One.
             Slain by a salamander
             ... wielding a +3 halberd
              (10 damage)
             ... in a volcano.
             The game lasted 00:58:29 (28003 turns).

marklar909 the Transmogrifier (DrTm)               Turns: 28003, Time: 00:58:30

Health: -4/111     AC:  8    Str: 17    XL:     13   Next: 63%
Magic:  20/25      EV: 16    Int: 20    God:    the Shining One [****..]
Gold:   1091       SH:  0    Dex: 12    Spells: 7/28 levels left

rFire    . . .     SeeInvis .     - Unarmed
rCold    . . .     Faith    .   (shield currently unavailable)
rNeg     + + .     Spirit   .   (armour unavailable)
rPois    .         Reflect  .   (helmet restricted)
rElec    .         Harm     .   (no cloak)
rCorr    +         Rampage  .   (gloves currently unavailable)
MR       .....                  (no boots)
Stlth    +.........             m - amulet of the acrobat
HPRegen  0.28/turn              y - ring of resist corrosion
MPRegen  0.19/turn              t - +6 ring of intelligence

@: blade hands, wereblooded, glowing
A: breathe steam, unfitting armour, cold-blooded, AC +8
a: Breathe Steam, End Transformation, Divine Shield, Cleansing Flame, Renounce
Religion


You were in a volcano.
You worshipped the Shining One.
The Shining One was greatly pleased with you.
You had blades for hands.
You visited 3 branches of the dungeon, and saw 18 of its levels.
You also visited: Volcano.

You collected 1212 gold pieces.
You spent 121 gold pieces at shops.

Inventory:

Missiles
 b - 70 poisoned darts (quivered)
 z - 8 javelins
Armour
 o - a +1 pair of gloves (melded)
Jewellery
 m - an amulet of the acrobat (around neck)
 t - a +6 ring of intelligence (right scythe-like blade)
 v - an uncursed amulet of guardian spirit
 y - a ring of resist corrosion (left scythe-like blade)
 E - an uncursed ring of protection from magic
 K - an uncursed ring of protection from fire {unknown}
 M - an uncursed amulet of magic regeneration {unknown}
Wands
 i - a wand of paralysis (6)
 u - a wand of digging (5)
 B - a wand of acid (11)
 D - a wand of iceblast (9)
 F - a wand of flame (37)
Scrolls
 d - 2 scrolls of amnesia
 e - 7 scrolls of identify
 f - 5 scrolls of teleportation
 g - a scroll of fog
 k - 3 scrolls of blinking
 l - 3 scrolls of magic mapping
 n - 2 scrolls of immolation
 s - 8 scrolls of remove curse
 w - 2 scrolls of enchant weapon
 A - a scroll of silence {unknown}
 J - a scroll of enchant armour
Potions
 a - 5 potions of curing
 c - 2 potions of brilliance
 h - 2 potions of might
 j - 4 potions of heal wounds
 p - 5 potions of flight
 q - 2 potions of ambrosia
 r - 4 potions of lignification
 x - 2 potions of cancellation
 C - a potion of berserk rage
 G - 2 potions of haste
 H - a potion of mutation
 I - a potion of magic {unknown}
Miscellaneous
 L - a lightning rod (3/4)


   Skills:
 * Level 9.1 Fighting
 + Level 2.6 Throwing
 * Level 8.1 Dodging
 + Level 4.9 Stealth
 + Level 10.6 Unarmed Combat
 + Level 8.2 Spellcasting
 + Level 10.8 Transmutations
 + Level 4.5 Ice Magic
 * Level 3.9 Air Magic
 + Level 4.7 Poison Magic
 * Level 7.4 Invocations
 + Level 1.5 Evocations


You had 7 spell levels left.
You knew the following spells:

 Your Spells              Type           Power        Failure   Level
a - Blade Hands           Tmut           ######....   24%         5
b - Wereblood             Tmut           ######..     8%          2
c - Spider Form           Tmut/Pois      #####.....   16%         3
d - Ice Form              Ice/Tmut       #####...     28%         4
e - Beastly Appendage     Tmut           ######       7%          1
f - Swiftness             Air            ###.....     24%         2
g - Airstrike             Air            ###.......   56%         4

Your spell library contained the following spells:

 Spells                   Type           Power        Failure   Level
 Shock                    Conj/Air       ###.         28%         1
 Corona                   Hex            #......      43%         1
 Petrify                  Tmut/Erth      ####....     43%         4
 Static Discharge         Conj/Air       ###.....     47%         3
 Slow                     Hex            #.......     52%         2
 Confusing Touch          Hex            #.......     69%         3
 Gell's Gravitas          Tloc           #.........   69%         3
 Inner Flame              Hex/Fire       #.......     69%         3
 Portal Projectile        Hex/Tloc       #.....       69%         3
 Yara's Violent Unravell  Hex/Tmut       ####......   69%         5
 Cause Fear               Hex            #.........   93%         4
 Leda's Liquefaction      Hex/Erth       #.........   93%         4
 Metabolic Englaciation   Hex/Ice        ###.......   94%         5
 Lightning Bolt           Conj/Air       ###.......   96%         5


Dungeon Overview and Level Annotations

Branches:
Dungeon (12/15)            Temple (1/1) D:4            Lair (5/6) D:11
  Swamp (0/4) Lair:4        Snake (0/4) Lair:3          Orc (0/2) D:12
Volcano (1/1)
  Slime: Lair:5-6

Altars:
Ashenzari
Cheibriados
Dithmenos
Elyvilon
Fedhas
Gozag
Hepliaklqana
Kikubaaqudgha
Makhleb
Nemelex Xobeh
Okawaru
Qazlal
Ru
Sif Muna
Trog
Uskayaw
Vehumet
Wu Jian
Xom
Yredelemnul
Zin
The Shining One

Shops:
D:4 :   D:7 !   D:9 }   D:11 *

Annotations:
D:4 1 runed translucent door, dickylongcocking's ghost, weakling OpDe
Lair:3 1 runed translucent door
Lair:4 exclusion: 3 oklob plants
Lair:5 1 transporter


Innate Abilities, Weirdness & Mutations

You can breathe blasts of scalding, opaque steam.
Your pale cyan-grey scales are hard. (AC +8)
You cannot fit into any form of body armour.
You are cold-blooded and may be slowed by cold attacks.


Message History

Things that are here:
a +0 quarterstaff; a +0 robe; a salamander corpse You slice the salamander!!
You tail-slap the salamander, but do no damage.
The salamander is almost dead.
The salamander hits you with a +0 trident.
You are engulfed in flames!
Casting: Blade Hands (dangerous; 24% risk of failure)
Confirm with . or Enter, or press ? or * to list all spells.
Your blood is infused with primal strength.
The salamander hits you from afar with a +3 halberd!!
You are engulfed in flames!
* * * LOW HITPOINT WARNING * * *
The salamander completely misses you.
You shred the salamander!!!
You kill the salamander!
The salamander hits you from afar with a +3 halberd!!
* * * LOW HITPOINT WARNING * * *
You are engulfed in flames!
You die...

≈≈§≈≈§≈≈≈≈≈≈≈≈≈≈≈≈§§≈§§≈≈°°§○≈§≈≈
≈≈≈§§≈§§...........§.....≈°○○≈§§§
≈≈≈§§§≈.########'########.°≈☼≈§§§
≈≈≈≈≈≈§.# #(# #.§≈○≈≈≈§ §≈≈≈≈...#
#.# #.≈≈≈≈≈≈≈ §§§..≈..# #.#
#.≈≈≈≈≈§§ ≈..≈§§≈.# #.# #.≈≈≈≈≈§≈
.≈≈≈§≈§.######.#.#.######.≈§§≈§§≈
§≈≈§§≈§.#......#@#......#.§≈§≈§§§
≈≈≈≈≈≈§.###++###N###++###.≈≈≈§§§≈
≈≈≈≈≈§§.# N.. #..≈§≈§≈≈ ≈§≈§≈≈≈.#
.8_8. #.§§≈§≈§§ §§§§§≈≈.# +.....+
#.§≈≈≈§≈§
≈§≈≈§≈≈.#################.§§§§§≈≈
≈≈≈§≈≈...................§§§≈≈≈§≈
≈≈≈§≈≈≈≈≈§≈.≈≈≈§≈≈≈≈≈≈≈≈.≈≈≈≈§§§§
≈≈≈≈§≈§§≈§≈≈§≈§§§§≈≈≈≈≈§§≈≈≈≈≈§§≈


You could see 2 salamanders.

Vanquished Creatures
  Kirke (Lair:4)
  7 hydras
  A two-headed ogre (D:9)
  A salamander mystic (Volcano)
  An unseen horror (D:11)
  Pikel (D:5)
  A deep elf mage (D:12)
  3 ugly things (D:12)
  A salamander (Volcano)
  A cyclops (D:12)
  An elephant (Lair:3)
  5 cane toads
  A gargoyle (D:11)
  3 centaur skeletons
  2 komodo dragons (Lair:1)
  5 rime drakes
  2 trolls (D:11)
  A tyrant leech (Lair:4)
  12 slime creatures
  A blink frog (Lair:1)
  A meliai zombie (D:11)
  A dream sheep (Lair:3)
  A vampire (D:11)
  55 yaks
  A wyvern (D:10)
  5 hogs (Lair:4)
  Eustachio (D:5)
  2 fire bats (Volcano)
  2 steam dragons
  2 nagas (Lair:3)
  11 water moccasins
  2 hell hounds (Lair:5)
  7 orc warriors
  2 black bears
  8 ice beasts (D:11)
  3 sky beasts
  2 phantoms
  8 ogres
  6 centaurs
  8 wolves
  2 lemures (D:5)
  A gnoll sergeant (D:6)
  18 bullfrogs
  2 big kobolds
  A wyvern skeleton (D:12)
  5 scorpions
  5 killer bees (D:10)
  6 electric eels
  4 howler monkeys
  7 lava snakes (Volcano)
  2 bullfrog zombies
  2 quasits
  2 centaur zombies
  5 hounds
  3 jellies
  12 orc priests
  13 orc wizards
  3 bullfrog skeletons
  5 iguanas
  3 worker ants
  3 hound skeletons
  2 worker ant zombies
  11 gnolls
  2 howler monkey skeletons
  8 adders
  5 shadow imps
  A white imp (D:6)
  4 ufetubi
  An ooze (D:2)
  6 worms
  3 dart slugs
  4 leopard geckos
  40 orcs
  2 ball pythons (D:1)
  4 bats
  7 giant cockroaches
  9 goblins
  5 hobgoblins
  3 jackals (D:5)
  4 quokkas
  9 frilled lizards
  A jackal skeleton (D:9)
  A jackal zombie (D:5)
  27 kobolds
  A leopard gecko skeleton (D:6)
  A leopard gecko zombie (D:2)
  A quokka skeleton (D:4)
  6 rats
451 creatures vanquished.

Vanquished Creatures (others)
  2 humans (Lair:4)
  Blork the orc (D:5)
  An orc (D:8)
  36 fungi
  51 plants
  10 toadstools (Lair:3)
101 creatures vanquished.

Grand Total: 552 creatures vanquished

Notes
Turn   | Place    | Note
-------+----------+-------------------------------------------
     0 | D:1      | marklar909 the Draconian Transmuter began the quest for the
                  | Orb.
     0 | D:1      | Reached XP level 1. HP: 16/16 MP: 3/3
   470 | D:1      | Reached XP level 2. HP: 22/23 MP: 3/5
   960 | D:1      | Reached XP level 3. HP: 28/28 MP: 4/6
  1594 | D:1      | Learned a level 2 spell: Wereblood
  1598 | D:1      | Learned a level 3 spell: Spider Form
  1613 | D:2      | Reached XP level 4. HP: 35/35 MP: 7/7
  2166 | D:2      | Reached XP level 5. HP: 29/40 MP: 5/9
  2280 | D:2      | Found a faded altar of an unknown god.
  3160 | D:3      | Reached skill level 1 in Poison Magic
  3717 | D:4      | Reached XP level 6. HP: 47/47 MP: 7/10
  3764 | D:4      | Found Kallusas's Book Emporium.
  4017 | D:4      | Noticed a sky beast
  4167 | D:3      | Killed a sky beast
  4311 | D:4      | Learned a level 4 spell: Ice Form
  4339 | D:4      | Your scales start taking on a pale cyan-grey colour.
  4339 | D:4      | Reached XP level 7. HP: 29/52 MP: 7/11
  4355 | D:4      | Reached skill level 5 in Unarmed Combat
  4382 | D:3      | HP: 2/52 [poisoned by an orc]
  4390 | D:3      | HP: 2/52 [poisoned by an orc]
  4879 | D:4      | Found a staircase to the Ecumenical Temple.
  4941 | Temple   | Entered the Ecumenical Temple
  5011 | Temple   | Became a worshipper of Elyvilon the Healer
  5055 | D:4      | Found a runed translucent door.
  5055 | D:4      | Noticed dickylongcocking's ghost (weakling OpDe)
  5291 | D:5      | Entered Level 5 of the Dungeon
  5465 | D:5      | Noticed Pikel
  5465 | D:5      | Noticed Eustachio
  5508 | D:5      | Reached skill level 5 in Transmutations
  5614 | D:5      | Killed Eustachio
  5614 | D:5      | Reached skill level 1 in Stealth
  5614 | D:5      | Reached skill level 1 in Ice Magic
  5668 | D:5      | Killed Pikel
  5668 | D:5      | Reached XP level 8. HP: 32/61 MP: 1/12
  5688 | D:5      | Noticed Blork the orc
  5704 | D:5      | Killed Blork the orc
  6030 | D:5      | Reached * piety under Elyvilon
  6874 | D:5      | Reached XP level 9. HP: 66/67 MP: 10/13
  7908 | D:6      | Reached skill level 1 in Invocations
  8208 | D:6      | Reached ** piety under Elyvilon
  9324 | D:7      | Found Acoa's Distillery.
  9578 | D:7      | Found a shadowy altar of Dithmenos.
  9608 | D:7      | Found a white marble altar of Elyvilon.
 10242 | D:8      | Reached XP level 10. HP: 72/77 MP: 11/15
 10354 | D:8      | Reached *** piety under Elyvilon
 11465 | Temple   | Fell from the grace of Elyvilon
 11465 | Temple   | Became a worshipper of the Shining One
 11465 | Temple   | Reached * piety under the Shining One
 11856 | D:9      | You fall into a shaft and drop 1 floor!
 11856 | D:10     | Entered Level 10 of the Dungeon
 11916 | D:9      | Reached ** piety under the Shining One
 11947 | D:9      | Learned a level 5 spell: Blade Hands
 12077 | D:9      | Found Cafeufu's Gadget Emporium.
 13223 | D:10     | Noticed a two-headed ogre
 13270 | D:9      | Killed a two-headed ogre
 13270 | D:9      | Reached skill level 5 in Dodging
 13347 | D:10     | Reached skill level 1 in Throwing
 13833 | D:10     | Reached XP level 11. HP: 85/85 MP: 14/18
 14078 | D:10     | Reached skill level 5 in Fighting
 14162 | D:10     | Reached *** piety under the Shining One
 14669 | D:11     | Noticed an unseen horror
 14678 | D:11     | Killed an unseen horror
 14740 | D:11     | Reached skill level 5 in Spellcasting
 14990 | D:11     | Found a staircase to the Lair.
 15433 | D:11     | Found Vadopt's General Store.
 15441 | D:11     | Bought a potion of ambrosia for 88 gold pieces
 15441 | D:11     | Bought a potion of lignification for 33 gold pieces
 16591 | D:12     | Noticed a green ugly thing
 16594 | D:12     | Noticed a green ugly thing
 16601 | D:12     | Killed a green ugly thing
 16610 | D:12     | Killed a green ugly thing
 16610 | D:12     | Reached skill level 10 in Transmutations
 17111 | D:12     | Reached **** piety under the Shining One
 17112 | D:12     | Noticed a cyan ugly thing
 17363 | D:12     | Reached XP level 12. HP: 79/97 MP: 14/21
 17728 | D:12     | Found a staircase to the Orcish Mines.
 18301 | D:12     | Noticed an eight-headed hydra
 18322 | D:12     | Killed an eight-headed hydra
 18932 | Lair:1   | Entered Level 1 of the Lair of Beasts
 19003 | Lair:1   | Reached skill level 1 in Evocations
 19449 | Lair:1   | Noticed a seven-headed hydra
 20001 | Lair:1   | Reached skill level 5 in Invocations
 20669 | Lair:2   | Learned a level 2 spell: Swiftness
 20674 | Lair:2   | Learned a level 4 spell: Airstrike
 21393 | Lair:3   | Reached skill level 1 in Air Magic
 21648 | Lair:3   | Found a staircase to the Snake Pit.
 21712 | Lair:3   | Noticed a five-headed hydra
 22027 | Lair:3   | Killed a five-headed hydra
 22027 | Lair:3   | Reached skill level 10 in Unarmed Combat
 22115 | Lair:3   | Reached XP level 13. HP: 73/108 MP: 18/24
 22821 | Lair:3   | Found a runed translucent door.
 24024 | Lair:4   | Noticed Kirke
 24043 | Lair:4   | Killed Kirke
 25425 | Lair:4   | Found a staircase to the Swamp.
 26869 | Lair:5   | Found a transporter.
 27163 | Lair:5   | Found a dark tunnel.
 27183 | Volcano  | Entered a volcano
 27988 | Volcano  | Found a radiant altar of Vehumet.
 28003 | Volcano  | Slain by a salamander

Illustrated notes

Levels and vault maps discovered:
D:1:      zelgadis_glass_arrival_large, layout_basic
D:2:      layout_basic, chequers_ecumenical_altar_simple_redux,
          skrybe_limestone_x
D:3:      layout_basic, kennysheep_generic_room_6
D:4:      layout_basic, temple_hall, gammafunk_ghost_grave, serial_shops, shop
D:5:      layout_basic, gup_sewer_entry_bowl, chequers_serial_rivers_micro_e,
          uniq_eustachio, uniq_blork_the_orc, uniq_pikel
D:6:      layout_gridville, minmay_misc_feat_ornament, nzn_random_ring
D:7:      layout_loops_ring, lemuel_round_altar, serial_shops, shop, basic_altar
D:8:      layout_gridville
D:9:      layout_long_grid, serial_shops, nicolae_shop_crystal
D:10:     layout_stronghold
D:11:     layout_roguey, erik_lair_island, serial_shops, shop,
          portal_ice_cave_entry_ice_beasts
D:12:     layout_roguey, orc_0_dummy, serial_bayou_ford_a
Temple:   compressed_dpeg_triangle_lava_temple
Lair:1:   layout_concentric_octagons
Lair:2:   layout_chaotic_city, grunt_megastairs_4
Lair:3:   gammafunk_lair_enchanted_lake, layout_small_grid,
          guppyfry_snake_entry_garden, serial_bayou_shore_a
Lair:4:   layout_layer_cave, palyth_hydra_swamp_entry, dpeg_oklob_1,
          serial_bayou_shore_b, uniq_kirke
Lair:5:   gammafunk_boulding_lane, layout_misc_corridors,
          dpeg_slime_entry_corner, enter_volcano_3, minivault_11
Volcano:  volcano_lake [vl_original]

Skill      XL: |  1  2  3  4  5  6  7  8  9 10 11 12 13 |
---------------+----------------------------------------+-----
Dodging        | 2 3 4 5 6 7 8 |  8.1
Transmutations | 3 4 6 7 9 10 | 10.8
Poison Magic   | 1 3 4 |  4.7
Unarmed Combat | 4 5 6 7 8 9 10 | 10.6
Spellcasting   | 3 4 6 7 8 |  8.2
Stealth        | 1 3 4 |  4.9
Ice Magic      | 2 3 4 |  4.5
Fighting       | 2 3 4 6 8 9 |  9.1
Invocations    | 2 4 6 7 |  7.4
Throwing       | 1 2 |  2.6
Evocations     | 1 |  1.5
Air Magic      | 2 3 |  3.9

Action                   |  1- 3 |  4- 6 |  7- 9 | 10-12 | 13-15 || total
-------------------------+-------+-------+-------+-------+-------++-------
Melee: Unarmed           |    68 |   160 |   315 |   510 |   139 ||  1192
       Tailslap          |     9 |    16 |     8 |    56 |    15 ||   104
       Kick              |    11 |    21 |    11 |       |     1 ||    44
       Headbutt          |     8 |    17 |     6 |       |       ||    31
       Punch             |     1 |     2 |     2 |     8 |     2 ||    15
Throw: Dart              |       |    21 |       |    27 |    42 ||    90
 Cast: Beastly Appendage |    21 |    29 |    10 |       |     1 ||    61
       Wereblood         |       |    21 |    19 |    56 |    12 ||   108
       Spider Form       |       |     7 |    30 |    12 |       ||    49
       Ice Form          |       |       |     8 |     8 |     6 ||    22
       Blade Hands       |       |       |       |    66 |    17 ||    83
       Swiftness         |       |       |       |       |     3 ||     3
Invok: Lesser Healing    |       |       |     1 |       |       ||     1
       Divine Shield     |       |       |       |     1 |     2 ||     3
 Abil: Breathe Steam     |       |       |     9 |    13 |    11 ||    33
       End Transformatio |       |       |       |     4 |       ||     4
Evoke: Wand              |       |       |       |     6 |     6 ||    12
       Lightning rod     |       |       |       |       |     1 ||     1
  Use: Scroll            |       |     3 |     8 |    16 |     1 ||    28
       Potion            |       |       |     4 |     1 |     1 ||     6
 Stab: Sleeping          |       |       |     1 |       |       ||     1
Armor: Skin              |     7 |    41 |    45 |    85 |    35 ||   213
Dodge: Dodged            |    56 |   123 |   275 |   424 |   143 ||  1021
Block: Other             |       |       |       |     2 |     9 ||    11

Table legend: (Time is in decaauts)
 A = Elapsed time spent in this place.
 B = Non-inter-level travel time spent in this place.
 C = Inter-level travel time spent in this place.
 D = Time resting spent in this place.
 E = Time spent auto-exploring this place.
 F = Levels seen in this place.
 G = Mean time per level.
                   A        B        C        D        E       F      G
               +--------+--------+--------+--------+--------+-----+--------+
         Total |  27969 |  26050 |   1919 |   4957 |  16584 |  19 | 1472.1 |
       Dungeon |  18765 |  17451 |   1314 |   2949 |  11463 |  12 | 1563.8 |
        Temple |     95 |     14 |     81 |      0 |      0 |   1 |   95.0 |
          Lair |   8293 |   7770 |    523 |   1665 |   5121 |   5 | 1658.6 |
       Volcano |    816 |    816 |      0 |    343 |      0 |   1 |  816.0 |
               +--------+--------+--------+--------+--------+-----+--------+

Top non-repeatable levels by time:
     D:5: 2560 daAuts
    D:11: 2522 daAuts
  Lair:3: 2322 daAuts
  Lair:4: 2265 daAuts
  Lair:2: 1827 daAuts
    D:12: 1687 daAuts
     D:9: 1626 daAuts
     D:1: 1593 daAuts
     D:6: 1580 daAuts
    D:10: 1475 daAuts
     D:2: 1399 daAuts
     D:8: 1312 daAuts
  Lair:1: 1227 daAuts
     D:3: 1187 daAuts
     D:4: 1081 daAuts
